[Event "NED-ch"]
[Site "Amsterdam"]
[Date "2016.08.25"]
[Round "4"]
[White "Van Foreest, Jorden"]
[Black "Reinderman, Dimitri"]
[Result "0-1"]
[ECO "B31"]
[WhiteElo "2601"]
[BlackElo "2584"]
[Annotator "Baldauf/van Foreest,J"]
[PlyCount "80"]
[EventDate "2016.08.22"]
[EventType "tourn"]
[EventRounds "7"]
[EventCountry "NED"]
[EventCategory "14"]
[SourceTitle "CBM 174"]
[Source "ChessBase"]
[SourceDate "2016.09.13"]
[SourceVersion "1"]
[SourceVersionDate "2016.09.13"]
[SourceQuality "1"]
[TimeControl "6000+1240"]
[WhiteClock "0:00:39"]
[BlackClock "0:00:58"]

1. e4 c5 2. Nf3 Nc6 3. Bb5 g6 4. Bxc6 bxc6 5. O-O Bg7 6. Re1 Nh6 7. c3 O-O 8.
h3 $5 (8. d4 {ist der Hauptzug, der jedoch folgenden sofortigen Gegenstoß
zulässt:} cxd4 9. cxd4 d5 (9... f6 10. Nc3 d6 11. Qa4 Qb6 12. Nd2 $13 {1/2-1/2
(45) Fischer,R (2785)-Spassky,B (2560) Belgrade 1992 CBM 031 [Ftacnik,L]}) 10.
e5 f6 11. Nbd2 fxe5 12. Nxe5 Bxe5 $5 13. dxe5 Qb6 14. Nf3 Nf5 $132 {1/2-1/2 
(41) Areshchenko,A (2661)-Wei,Y (2734) Baku 2015}) 8... f5 (8... f6 9. d4 cxd4
10. cxd4) (8... d5 $2 9. d3 $14) 9. d3 Nf7 10. e5 Ba6 {eine sehr komplexe und
ebenso unkonventionelle Stellung ist nach der Eröffnung entstanden: Weiß wird
versuchen, die schwarzen Figuren bestmöglich einzuschnüren und dadurch seinen
Raumvorteil auszunutzen. Mittelfristig wird vor allem die Bauernschwäche c5
aufs Korn genommen, auch der La6 droht langfristig zum schwarzen Sorgenkind zu
werden. In der Partie gelingt es Reinderman allerdings genug Gegenspiel für
die positionellen Nachteile zu organisieren.} 11. Bf4 $146 (11. c4 e6 12. Nc3
g5 13. Be3 h5 14. h4 g4 15. Ng5 Nxe5 16. Bxc5 Ng6 17. g3 Re8 18. Qa4 Bb7 19.
Qb4 Ba6 20. Qa3 Bb7 21. Qb4 Ba6 22. Qa3 Bb7 23. Qb4 {1/2-1/2 (23) Inarkiev,E 
(2730)-Gelfand,B (2734) Magas RUS 2016}) 11... Qb6 12. b3 d6 13. h4 $5 {
Diagramm [#]} (13. Na3 {wäre ein soliderer Weg gewesen, die Stellung in normal
Bahnen zu lenken.} Rad8 14. Nc4 Bxc4 15. bxc4 Qc7 16. exd6 exd6 17. Qc2 $13) (
13. c4 $5 {so könnte Weiß die Qualität unter evtl. besseren Umständen opfern}
Qb8 14. Nc3 $1 dxe5 15. Nxe5 Bxe5 16. Rxe5 Nxe5 17. Qe2 Nf3+ $1 18. Qxf3 e5 19.
Be3 $44) 13... dxe5 (13... Rad8 $142 {würde die weißen Pläne durchkreuzen und
die Empfehlung nahelegen, 13.h4 durch 13.c4 zu ersetzen.}) 14. Nxe5 Bxe5 {
Diagramm [#] Van Foreest: Reinderman überraschte mich etwas in der Eröffnung,
was ihm jedoch normalerweise gegen mich gelingt, somit war es keine große
Sache. Hier war eine sehr interessante Stelle, da ich die Option habe mit dem
Läufer oder dem Turm wiederzunehmen. Das Nehmen mit dem Turm ist ein
Qualitätsopfer, über das ich mir keineswegs sicher war. Somit wollte ich
ursprünglich natürlich mit dem Läufer nehmen, realisierte dann aber
Reindermans Trick mit 17...Lxc4} 15. Rxe5 (15. Bxe5 Rad8 16. c4 Nxe5 17. Rxe5
Bxc4 $1 18. bxc4 $140 $2 (18. Nc3 {Van Foreest: ich sah, dass diese Stellung
nicht so schlecht für mich ist aber dachte, dass ich nicht besser stehen kann
und für ein Remis leiden muss, somit nahm ich im 15. Zug mit dem Turm auf e5.
Nachdem ich nach der Partie nach Hause gekommen war, sah ich, dass der
Computer die Position nach 15.Lxe5 nicht schlechter für Weiß einschätzt, ja
sogar einen kleinen Vorteil gibt.}) 18... Qb2 {Van Foreest: und dieser
Doppelangriff auf meine Türme ist der Punkt des schwarzen Spiels.}) 15... Nxe5
16. Bxe5 f4 {Aktivität geht hier über alles - Schwarz beginnt um die schwarzen
Felder zu kämpfen. Während Van Foreest die Entwicklung beendet, muss
Reinderman schnellstmöglich etwas auf die Beine stellen, andernfalls wäre die
Kompensation auf den schwarzen Feldern riesig. Dennoch denke ich, dass die
einmalige Gelegenheit, dem La6 Leben einzuhauchen mittels des Bauernopfer 16...
c4 eine bessere Option war.} (16... c4 $5 {verschafft dem La6 eine Diagonale}
17. dxc4 Rad8 18. Qe2 c5 $13) 17. c4 {Diagramm [#]} Rf5 (17... f3 $5 18. Nc3
fxg2 19. Qe2 $44) 18. Qe1 Raf8 (18... Rd8 19. Nc3 (19. Bb2 e5 $1) 19... Rxd3
20. Na4 Qb4 21. Bc3 Qb7 $13) 19. Nd2 Qd8 20. Nf3 Bc8 {Van Foreest: Nach dem
Qualitätsopfer entstand eine hochkomplizierte Partie, in der Reinderman
einfach besser gespielt hat als ich. Mein nächster Zug war etwas ungenau, ich
hatte seine Lg4-Idee einfach übersehen.} 21. Rd1 $6 Rh5 $1 {Diagramm [#] Van
Foreest: Nun bemerkte ich plötzlich die Drohung Lg4 und Panik ergriff mich,
sodass ich die Möglichkeit 22. Td2 verpasste, der einzige Zug, mit dem ich
noch im Spiel bleibe.} 22. Bc3 $2 (22. Rd2 $142 Bg4 23. Nh2 Bd7 (23... e6 $2
24. f3 $1 (24. Nxg4 $2 Qxh4) 24... Bf5 25. Bxf4 Rxh4 26. Be3 $44) 24. Nf3 Bg4
25. Nh2) {Van Foreest: ich spielte jedoch 22. Lc3 und nach seinem sehr starken}
22... e5 $1 {, das ich übersehen hatte ist mein Läufer plötzlich aus dem
Spiel und die Partie ist im Grunde genommen plötzlich verloren.} (22... Bg4
23. Ng5 $13) 23. Qe4 (23. Nxe5 $2 Qxh4 $19) (23. Bxe5 Re8 ) 23...
Bg4 24. Ng5 {Ein letztes Strohfeuer - Schwarz kann alle Drohungen abwehren und
verbleibt mit Materialplus} Bxd1 25. Qxe5 Rf6 26. Qxf6 Qxf6 27. Bxf6 Bc2 28.
Ne4 Rf5 {Der so bescheidene La6 hat große Karriere gemacht und holt nun die
wehrlosen weißen Bauern am Damenflügel ab, die ihn zuvor so gut ihm Griff
hatten.} 29. Bb2 (29. Be7 $1 Bxd3 30. Nxc5 Bb1 31. a4 $17) 29... Bxd3 30. Nf6+
Kf7 31. Nxh7 Bb1 32. Ng5+ Ke7 33. a3 Ba2 34. Nf3 Bxb3 35. Ne5 g5 36. h5 Kf8 37.
Kh2 g4 38. Ng6+ Kf7 39. Ne5+ Ke6 40. Nd3 Bxc4 0-1

[Event "Khanty-Mansiysk FIDE GP (Women)"]
[Site "Khanty-Mansiysk"]
[Date "2014.04.12"]
[Round "4"]
[White "Muminova, Nafisa"]
[Black "Muzychuk, Anna"]
[Result "0-1"]
[ECO "B31"]
[WhiteElo "2321"]
[BlackElo "2560"]
[Annotator "ChessBase Website"]
[PlyCount "190"]
[EventDate "2014.04.09"]
[EventType "tourn"]
[EventRounds "11"]
[EventCountry "RUS"]
[EventCategory "10"]
[SourceTitle "CBM 160"]
[Source "ChessBase"]
[SourceDate "2014.05.15"]
[SourceVersion "1"]
[SourceVersionDate "2014.05.15"]
[SourceQuality "1"]
[TimeControl "40/5400+30:1800+30"]
[WhiteClock "1:30:00"]
[BlackClock "1:30:00"]

1. e4 c5 2. Nf3 Nc6 3. Bb5 g6 4. c3 Nf6 5. e5 Nd5 6. O-O Bg7 7. d4 Nc7 (7... cxd4 8. cxd4 O-O 9. Nc3 Nxc3 10. bxc3 d6 11. exd6 exd6 12. a4 Na5 13.
Re1 a6 14. Bf1 Be6 15. Ng5 Bd5 16. Ne4 Re8 17. Bg5 Qd7 18. Nf6+ Bxf6 19. Bxf6
Rxe1 20. Qxe1 Re8 21. Qd2 Qf5 22. Qg5 Qxg5 23. Bxg5 Bc4 24. Rb1 Ba2 25. Ra1 Bc4
26. Rb1 d5 27. f3 Bxf1 28. Kxf1 Kg7 29. Bf4 Re7 30. g4 f6 31. h4 Nc4 32. Kf2 h6
33. g5 fxg5 34. hxg5 h5 35. Be5+ Kf7 36. Bf6 Rd7 37. Kg3 {Zvjaginsev,V (2635)
-Bacrot,E (2721) Mainz 2009 1/2-1/2}) 8. Bd3 $146 (8. Na3 Nxb5
9. Nxb5 a6 10. Na3 cxd4 11. cxd4 O-O 12. Re1 d6 13. exd6 exd6 14. Bg5 f6 15.
Bd2 d5 16. Qb3 Rf7 17. Nc2 Bf8 18. Rac1 Bf5 19. Nb4 Bxb4 20. Bxb4 Qb6 21. Bc5
Qxb3 22. axb3 Na5 23. Nd2 Nc6 24. Nf3 Na5 25. Nd2 Nc6 {1/2-1/2 (25) Nikolenko,
O (2533)-Maletin,P (2576) Ulan Ude 2009}) 8... cxd4 9. cxd4 d6 10. Bf4 dxe5 11. dxe5 Bg4 12. Re1 Nd5 13. Bg3 Ndb4 14. Be2 Qxd1 15. Bxd1 Bxf3 16. gxf3 Nd3 17. Re3 Ndxe5 18. Na3 Rd8 19. Ba4 {
[%emt 0:05:22] Something went awfully wrong in Muminova's preparation as she
found herself down a pawn with no compensation before move 20. However
Muzychuk's technique was spot on and Muminova obtained a drawn endgame.
However she was unable to hold a theoretically drawn f and h pawn rook endgame,
and missed a great opportunity to add half a point to her score. Muzychuk on
the other hand is now Hou Yifan's closest suitor.} O-O 20. Rb1 Rd4 21. b4 a6 22. Nc2 Rd2 23. b5 axb5 24. Rxb5 Nc4 25. Re4 N4a5 26. Bc7 Ra8 27. Bxa5 Nxa5 28. Rxe7 Nc6 29. Re4 Bd4 30. Bb3 Bxf2+ 31. Kf1 Na5 32. Re2 Rxe2 33. Kxe2 Bg1 34. h3 Nxb3 35. axb3 Rc8 36. Kf1 Rxc2 37. Kxg1 Rc7 38. h4 h5 39. f4 Rd7 40. Kf2 Kg7 41. Rb6 Kf8 42.
Kf3 Rd3+ 43. Kg2 Ke7 44. Rxb7+ Ke6 45. Rb5 f6 46. b4 Rb3 47. f5+ gxf5 48. Kh2 Rd3 49. Kg2 Rd4 50. Kg3 Rc4 51. Rb8 Rg4+ 52.
Kf3 Rxh4 53. Re8+ Kf7 54. Rb8 Rc4 55. b5 Rb4 56. b6 f4 57.
Rh8 Kg6 58. b7 Rxb7 59. Kxf4 Rb4+ 60. Kg3 Kg5 61. Rg8+ Kf5 62. Ra8 h4+ 63. Kf3 Rb3+ 64. Kf2 Kg4 65. Ra4+ Kg5 66. Rc4 f5 67. Ra4 Rg3 68. Ra8 Rb3 69. Ra4 Rg3 70. Ra8 Kg4 71. Rg8+ Kf4 72. Rh8 Rf3+ 73. Ke2 Rh3 74. Kf2 Rh2+ 75. Kg1 Kg3 76. Rg8+ Kh3 77. Rg5 f4 78. Kf1 Ra2 79. Kg1 f3 80. Kf1 Kh2 81. Rg4 h3 82.
Rg8 Rg2 83. Rf8 Kg3 84. Rg8+ Kf4 85. Rf8+ Ke4 86. Re8+ Kd5 87. Rd8+ Ke6 88. Re8+ Kd7 89. Rh8 h2 90. Rh7+ Ke6 91. Rh6+ Ke5 92. Rh5+ Ke4 93. Rh8 Rg1+ 94. Kf2 h1=Q 95. Re8+ Kd5 0-1

[Event "St Maxime-02"]
[Site "St Maxime"]
[Date "1982.05.??"]
[Round "9"]
[White "Parma, Bruno"]
[Black "Kouatly, Bachar"]
[Result "1-0"]
[ECO "B31"]
[WhiteElo "2485"]
[BlackElo "2430"]
[Annotator "Grivas,E"]
[PlyCount "45"]
[EventDate "1982.05.??"]
[EventType "tourn"]
[EventRounds "13"]
[EventCountry "FRA"]
[EventCategory "7"]
[SourceTitle "EXT 2018"]
[Source "ChessBase"]
[SourceDate "2017.10.13"]
[SourceVersion "1"]
[SourceVersionDate "2017.10.13"]
[SourceQuality "1"]
[TimeControl "40/9000:16/5400:0"]

1. e4 c5 2. Nf3 Nc6 3. Bb5 g6 4. O-O Bg7 5. c3 e5 (5... Nf6) 6. d4 exd4 7. cxd4
Nxd4 8. Nxd4 Bxd4 $6 (8... cxd4 $142 {is again safer}) 9. Nc3 Kf8 10. Bf4 d6
11. Qd3 a6 12. Bc4 Be6 13. Ne2 Bxc4 14. Qxc4 Be5 15. Bxe5 dxe5 16. f4 Qc7 17. fxe5 Kg7 18. Qc3 f6 19. exf6+ Nxf6 20. Nf4 Rhf8
21. Nd5 Qd6 22. Nxf6 Rxf6 23. Rad1 1-0

[Event "EU-ch 12th"]
[Site "Aix les Bains"]
[Date "2011.03.30"]
[Round "8"]
[White "Motylev, Alexander"]
[Black "Jones, Gawain C B"]
[Result "1-0"]
[ECO "B31"]
[WhiteElo "2677"]
[BlackElo "2578"]
[Annotator "Marchand,A/Primel,D"]
[PlyCount "119"]
[EventDate "2011.03.22"]
[EventType "swiss"]
[EventRounds "11"]
[EventCountry "FRA"]
[SourceTitle "CBM 142 Extra"]
[Source "ChessBase"]
[SourceDate "2011.06.27"]
[SourceVersion "1"]
[SourceVersionDate "2011.06.27"]
[SourceQuality "1"]
[TimeControl "40/5400+30:1800+30"]

1. e4 c5 2. Nf3 Nc6 3. Bb5 g6 (3... d6) 4. Bxc6 dxc6 5. d3 Bg7 6. h3 Nf6 7. Nc3
O-O 8. Bf4 (8. Be3 b6 9. Qd2 e5 10. Bh6 Qd6 11. O-O-O a5 12. Ne2 a4 {Fedorchuk,
S (2557)-Hagara,E (2407) Pardubice KB Czech op 2003 (2) 1-0} (12... Be6 13. Kb1
a4 14. g4 b5 15. Bxg7 Kxg7 16. Ng3 b4 17. Nf5+ $1 Bxf5 (17... gxf5 $2 18. Qg5+) 18. gxf5)) 8... Nd7 9. Qd2 e5 10. Bh6 {89} Qe7
{80} 11. Bxg7 Kxg7 12. O-O-O a5 13. Kb1 $146 (13. Nh2 b5 14. f4 {Nevednichy,V 
(2535)-Bogdan,D (2295) Bucharest ENE 1993 (3) 1-0}) (13. h4 $5 {Dans la partie,
la Rh1 était relativement peu active et l'attaque h4h5 semblait plus
prometteuse} h5 14. Ng5 b5 15. g4 hxg4 16. h5 $44 ) 13... a4
$132 14. Ne2 b5 (14... a3 $143 15. b3 c4 16. dxc4 Nc5 17. Nc3 f6 18. Qd6) 15.
Rdg1 {50} c4 {59} 16. h4 f6 (16... a3 $1 {Logique après avoir joué c4} 17. b3
cxb3 18. cxb3 c5 19. h5 c4 20. hxg6 fxg6 21. Qh6+ Kg8 $17) (16...
b4 17. dxc4 (17. h5) 17... b3 $1 {Dnas ce genre d'attaque sur les ailes
opposées, il faut jouer de manière dynamique et le matériel est un facteur
secondaire.} 18. cxb3 (18. h5) 18... Nc5 19. Nc3 axb3 $40)
17. Ng3 Nb6 18. d4 {Réaction au centre а l'attaque des Noirs а l'aile-dame} h5
19. a3 c5 20. dxe5 {16 les Blancs sont en gros retard} (20. d5 $6 b4 $40) 20...
fxe5 {31} 21. Qe3 Ra6 $6 {Trop lent} (21... b4 $142 {Par curiosité, j'ai
laissé plancher houdini 3 sur la position au coup précédent pendant une
dizaine de minutes et il ne donne que Ra6 ou même le débile Rb8! b4 est
pourtant le coup le plus naturel pour un humain même si le double sacrifice
est rsqué} 22. axb4 a3 $44 23. bxa3 cxb4 $3 {La pointe} 24. Qxb6 Rxa3 $19 {
[%csl Rf3,Rg1,Rg3,Rh1][%cal Gb4b3] Les pièces Blanches massées а l'aile-roi
manquent d'activité et elles sont mal placées pour défendre le K Blanc}) 22.
Qg5 Qxg5 23. hxg5 c3 $6 (23... b4 $142 24. Nxe5 bxa3
(24... Rxf2) 25. Rxh5 $5 gxh5 26. Nxh5+ Kg8 27. Nf6+ $44) 24. Nxe5 Nc4 $6 (
24... Rxf2 25. Rf1 Rxf1+ 26. Rxf1 {[%csl Ra6] Illustrant а
nouveau le problème d'avoir joué Ra6}) (24... b4 $1 25. Rxh5 $5 (25. bxc3 b3
$44) 25... gxh5 26. Nxh5+ Kg8 27. Nf6+ $44) 25. Nxc4 {12} bxc4 {23} 26. f3 Rb6
27. Ne2 $1 {[%cal Ge2c3] Forçant la prise du P et le P servira de ... bouclier
au K!} cxb2 (27... Rxb2+ $6 28. Kc1 Be6 29. Nxc3 Rfb8 30. Rd1) 28. Rd1 Be6 29.
Nc3 Rfb8 {Les Noirs n'ont aucune attaque sur la colonne "b"} 30. Rd2 $1 {
[%cal Gh1d1] 07} Kf7 {17} 31. Rhd1 Ke7 32. Nd5+ $1 {Rentre dans une finale de
R légèrement favorable pour les Blancs car le K est assez exposé.} Bxd5 33.
Rxd5 Rc6 34. Rd7+ Kf8 35. R7d5 Kf7 36. Rd7+ $1 Kf8 37. Re1 Ke8 38. Rd5 Ke7 39. f4 Rd6 40. Red1 Re6 41. Rd7+ Kf8
42. e5 $18 Rc6 43. g4 $1 (43. Rh7 {[%cal Gd1d7] Plus pragmatique mais moins élégant}) 43... hxg4
44. Rh1 $40 Kg8 45. Rdh7 (45. Rhh7 $2 g3) 45... Rf8 46. Kxb2 g3 47. Kc3 g2 48.
Rh8+ Kf7 49. Rxf8+ Kxf8 50. Rg1 Rb6 51. Rxg2 {Comme des Dominos, les P Noirs
vont tomber les uns après les autres.} Rb1 52. Kxc4 Ra1 53. Rg3 Rf1 {Il
manquait la fin de la partie dans la base} 54. Kxc5 Rxf4 55. Kd5 Ke7 56. Rh3
Rg4 57. Rh7+ Kf8 58. c4 Rg3 59. c5 Rd3+ 60. Kc4 1-0